 Dungeon Crawl Stone Soup version 0.18.1-48-g4cf74bf (webtiles) character file.

3982 roguesci the Grave Robber (level 10, -6/114 HPs)
             Began as a Demonspawn Necromancer on June 24, 2016.
             Was an Initiate of Cheibriados.
             Mangled by Grum
             ... wielding a -2 halberd
              (9 damage)
             ... on level 8 of the Dungeon on June 25, 2016.
             The game lasted 01:16:25 (13032 turns).

roguesci the Grave Robber (Demonspawn Necromancer) Turns: 13032, Time: 01:16:26

Health: -6/114     AC: 25    Str: 16    XL:     10   Next: 2%
Magic:  1/16       EV:  4    Int: 17    God:    Cheibriados [......]
Gold:   482        SH:  0    Dex: 17    Spells: 4 memorised, 7 levels left

rFire  . . .     SeeInvis .     R - +2 short sword (drain)
rCold  . . .     Gourm    .     (armour currently unavailable)
rNeg   + + +     Faith    .     (no shield)
rPois  +         Spirit   .     (helmet currently unavailable)
rElec  .         Dismiss  .     (cloak currently unavailable)
rCorr  .         Reflect  .     (gloves currently unavailable)
SustAt .         Harm     .     (boots currently unavailable)
MR     +....     NoTele   +     (no amulet)
Stlth  ++++++....               s - ring of protection from magic
                                w - +5 ring of strength

@: tree-form, drained, very slow, somewhat resistant to hostile enchantments,
very stealthy
A: (horns 0), (talons 0), repulsion field 1, (deformed body), mutation
resistance 1, nightstalker 2, sense surroundings 1, rot immunity
a: Bend Time, Renounce Religion


You were on level 8 of the Dungeon.
You worshipped Cheibriados.
Cheibriados was noncommittal.
You were not hungry.
You were a tree.
You visited 2 branches of the dungeon, and saw 9 of its levels.

You collected 482 gold pieces.

Inventory:

Hand Weapons
 f - a +0 whip of pain
 h - a +1 dagger of venom
 p - a +0 shortbow
 R - a +2 short sword of draining (weapon)
Missiles
 K - 80 arrows
 S - 2 throwing nets (quivered)
Armour
 a - a +2 robe of cold resistance
 u - the +1 robe of Miracles (melded) {+Inv rC+ rCorr}
   (You found it on level 4 of the Dungeon)

   It protects you from cold.
   It lets you turn invisible.
   It protects you from acid and corrosion.
 v - a +0 buckler
Jewellery
 i - an uncursed ring of fire
 s - a ring of protection from magic (right branch)
 w - a +5 ring of strength (left branch)
 x - an uncursed ring of poison resistance
 y - an uncursed ring of sustain attributes
 O - an uncursed ring of protection from fire
 T - an uncursed amulet of harm
Wands
 n - a wand of acid (0/15)
 F - a wand of iceblast (8/15)
 L - a wand of polymorph (4/24)
 M - a wand of slowing (16/48)
 P - a wand of slowing (14/48)
Scrolls
 d - 3 scrolls of blinking {unknown}
 e - 2 scrolls of amnesia {unknown}
 j - 2 scrolls of remove curse
 t - 2 scrolls of teleportation {unknown}
 A - 2 scrolls of identify
 B - a scroll of summoning {unknown}
 D - a scroll of random uselessness {unknown}
 E - 4 scrolls of enchant armour
 G - a scroll of immolation {unknown}
 H - a scroll of recharging {unknown}
 J - a scroll of noise {unknown}
Potions
 g - 2 potions of brilliance
 k - a potion of agility {unknown}
 l - a potion of flight {unknown}
 o - a potion of berserk rage {unknown}
 q - a potion of magic {unknown}
 r - a potion of might {unknown}
 N - a potion of degeneration {unknown}
 Q - 2 potions of lignification
Books
 b - a book of Necromancy

   Spells                             Type                      Level
   a - Pain                           Necromancy                   1
   b - Animate Skeleton               Necromancy                   1
   c - Vampiric Draining              Necromancy                   3
   d - Regeneration                   Charms/Necromancy            3
   e - Animate Dead                   Necromancy                   4
   f - Control Undead                 Necromancy                   4
Comestibles
 c - 7 bread rations
 C - 5 beef jerkies


   Skills:
 * Level 6.2(5.3) Fighting
 * Level 5.7(4.8) Short Blades
 * Level 6.1(5.2) Dodging
 + Level 4.9(4.0) Stealth
 + Level 4.6(3.7) Spellcasting
 * Level 3.3(2.5) Charms
 + Level 7.2(6.3) Necromancy


You had 7 spell levels left.
You knew the following spells:

 Your Spells              Type           Power        Failure   Level  Hunger
a - Pain                  Necr           ###.         1%          1    None
b - Vampiric Draining     Necr           ###.......   4%          3    ###....
c - Animate Dead          Necr           N/A          14%         4    ####...
d - Regeneration          Chrm/Necr      ###.......   10%         3    ###....


Dungeon Overview and Level Annotations

Branches:
Dungeon (8/15)             Temple (1/1) D:7
   Lair: D:8-11

Altars:
Ashenzari
Cheibriados
Dithmenos
Elyvilon
Fedhas
Gozag
Kikubaaqudgha
Makhleb
Nemelex Xobeh
Okawaru
Pakellas
Qazlal
Ru
Sif Muna
Trog
Vehumet
Xom
Yredelemnul
The Shining One

Annotations:
D:8 Grum


Innate Abilities, Weirdness & Mutations

((You have a pair of small horns on your head.))
You are surrounded by a mild repulsion field (EV +2).
You are significantly more attuned to the shadows.
You are immune to rotting.
((You have sharp toenails.))
((Armour fits poorly on your strangely shaped body.))
You are somewhat resistant to further mutation.
You passively map a small area around you.


Message History

Your roots penetrate the ground.
Grum hits you but does no damage.
The wolf bites you but does no damage. x2
You closely miss the wolf.
The wolf is lightly wounded.
The wolf bites you but does no damage. x2; Grum hits you but does no damage.
The wolf bites you but does no damage. x2
You closely miss the wolf.
The wolf is lightly wounded.
The wolf bites you but does no damage. The wolf barely misses you.
Grum hits you from afar with a halberd!
* * * LOW HITPOINT WARNING * * *
You hit the wolf.
The wolf is moderately wounded.
Your skin stops crawling.
The wolf bites you but does no damage. x2; The wolf bites you.
* * * LOW HITPOINT WARNING * * *
You hit the wolf.
The wolf is moderately wounded.
The wolf bites you but does no damage. Grum hits you from afar with a halberd!
You die...

)#### ##.###.##..# ##............
....####...#.....###.............
###....................#.........
......##.##.....................)
########.............##..........
###............##........#
..........#...........# ,
....h....####..##.##.. ...g5♣...#
#...#.##.. . ##.##h#### #.#... ,
####.# #(# #.#### ,, ...... , ..#
* * .#* * ....# * ,#[## , #####
(. , ###* , > , , **


You could see Grum, 2 wolves and a shadow imp.

Vanquished Creatures
  Pikel (D:7)
  Psyche (D:7)
  Sigmund (D:4)
  A hippogriff (D:7)
  2 wolves (D:8)
  Edmund (D:5)
  A black bear (D:6)
  A slave (D:7)
  A sky beast (D:6)
  A wasp (D:7)
  2 ice beasts (D:7)
  3 centaurs
  4 ogres
  3 phantoms
  A giant frog (D:6)
  A wyvern skeleton (D:7)
  A scorpion (D:5)
  5 wights
  4 crimson imps (D:4)
  A centaur zombie (D:6)
  A giant frog zombie (D:7)
  2 jellies
  2 giant frog skeletons
  A hound (D:4)
  An orc priest (D:3)
  An iguana (D:4)
  7 orc wizards
  9 worker ants
  A hound skeleton (D:4)
  2 worker ant zombies
  7 adders
  A shadow imp (D:8)
  3 oozes
  2 worms (D:2)
  3 dart slugs
  5 giant geckos
  26 orcs
  10 bats
  8 giant cockroaches
  7 hobgoblins
  6 jackals (D:4)
  4 quokkas
  2 ball pythons (D:2)
  5 giant newts
  11 goblins
  7 kobolds
  13 rats
  A plant (D:4)
184 creatures vanquished.

Vanquished Creatures (collateral kills)
  A worker ant (D:4)
1 creature vanquished.

Vanquished Creatures (others)
  2 slaves (D:8)
  2 orcs (D:8)
4 creatures vanquished.

Grand Total: 189 creatures vanquished

Notes
Turn   | Place    | Note
--------------------------------------------------------------
     0 | D:1      | roguesci the Demonspawn Necromancer began the quest for the Orb.
     0 | D:1      | Reached XP level 1. HP: 13/13 MP: 3/3
   414 | D:1      | Gained mutation: You are immune to rotting. [demonic ancestry]
   414 | D:1      | Reached XP level 2. HP: 19/20 MP: 0/5
   784 | D:1      | You fall through a shaft!
   801 | D:2      | Reached skill level 1 in Short Blades
  1123 | D:1      | Gained mutation: You are surrounded by a mild repulsion field (EV +2). [demonic ancestry]
  1123 | D:1      | Reached XP level 3. HP: 22/25 MP: 2/6
  1860 | D:2      | Reached skill level 1 in Fighting
  1994 | D:2      | Learned a level 3 spell: Vampiric Draining
  2020 | D:2      | Found an oddly glowing altar of Pakellas.
  2390 | D:2      | Gained mutation: You are slightly more attuned to the shadows. [demonic ancestry]
  2390 | D:2      | Reached XP level 4. HP: 28/32 MP: 3/7
  3326 | D:3      | Gained mutation: You have a pair of small horns on your head. [demonic ancestry]
  3326 | D:3      | Reached XP level 5. HP: 38/38 MP: 4/8
  4216 | D:4      | Learned a level 4 spell: Animate Dead
  4222 | D:4      | Found a shimmering altar of Xom.
  4227 | D:4      | Noticed Sigmund
  4514 | D:3      | Noticed an ogre
  4522 | D:3      | Killed an ogre
  4522 | D:3      | Reached skill level 5 in Necromancy
  4522 | D:3      | Reached XP level 6. HP: 31/46 MP: 1/10
  5111 | D:4      | Found a basalt altar of Yredelemnul.
  5324 | D:4      | Found a sacrificial altar of Ru.
  5339 | D:4      | Found a basalt altar of Yredelemnul.
  5339 | D:4      | Found a bloodstained altar of Trog.
  5352 | D:4      | Gained mutation: You are significantly more attuned to the shadows. [demonic ancestry]
  5352 | D:4      | Reached XP level 7. HP: 36/52 MP: 9/11
  6143 | D:4      | Got a warped robe
  6156 | D:4      | Identified the +1 robe of Miracles {+Inv rC+ rCorr} (You found it on level 4 of the Dungeon)
  6194 | D:4      | Killed Sigmund
  7298 | D:5      | Entered Level 5 of the Dungeon
  7426 | D:5      | Noticed Edmund
  7450 | D:5      | Killed Edmund
  7450 | D:5      | Reached skill level 6 in Necromancy
  7450 | D:5      | Reached XP level 8. HP: 52/60 MP: 1/13
  8390 | D:5      | Found a deep blue altar of Sif Muna.
  9254 | D:6      | Learned a level 3 spell: Regeneration
  9772 | D:6      | Reached skill level 5 in Dodging
  9772 | D:6      | Reached skill level 1 in Charms
  9976 | D:6      | Gained mutation: You have sharp toenails. [mutagenic meat]
  9977 | D:6      | Gained mutation: Armour fits poorly on your strangely shaped body. [mutagenic meat]
  9978 | D:6      | Gained mutation: You are somewhat resistant to further mutation. [mutagenic meat]
  9979 | D:6      | Gained mutation: You passively map a small area around you. [mutagenic meat]
 10000 | D:6      | Reached skill level 5 in Fighting
 10000 | D:6      | Reached XP level 9. HP: 68/68 MP: 15/15
 11111 | D:7      | Found a staircase to the Ecumenical Temple.
 11122 | Temple   | Entered the Ecumenical Temple
 11254 | D:7      | Reached skill level 5 in Short Blades
 11289 | D:7      | Found a snail-covered altar of Cheibriados.
 11297 | D:7      | Became a worshipper of Cheibriados the Contemplative
 12002 | D:8      | Noticed Psyche
 12007 | D:8      | Noticed Pikel
 12392 | D:7      | Killed Pikel
 12392 | D:7      | Reached skill level 7 in Necromancy
 12518 | D:7      | Killed Psyche
 13015 | D:8      | Reached XP level 10. HP: 56/76 MP: 9/16
 13022 | D:8      | Noticed Grum
 13031 | D:8      | HP: 3/114 [wolf[Grum] (6)]
 13032 | D:8      | Mangled by Grum

Skill      XL: |  1  2  3  4  5  6  7  8  9 |
---------------+----------------------------+-----
Dodging        | 2 3 4 5 6 |  6.1
Short Blades   | 1 2 3 4 5 |  5.7
Stealth        | 2 3 4 |  4.9
Fighting       | 1 2 3 4 5 6 |  6.2
Necromancy     | 5 6 7 |  7.2
Spellcasting   | 3 4 |  4.6
Charms         | 1 3 |  3.3

Action                   |  1- 3 |  4- 6 |  7- 9 | 10-12 || total
-------------------------+-------+-------+-------+-------++-------
Melee: Dagger            |    70 |   293 |   431 |       ||   794
       Club              |     3 |       |       |       ||     3
       Headbutt          |       |    49 |   126 |       ||   175
       Short sword       |       |       |   110 |     9 ||   119
       Kick              |       |       |    79 |     1 ||    80
 Fire: Hunting sling     |       |       |    10 |       ||    10
       Shortbow          |       |       |     2 |     1 ||     3
 Cast: Pain              |    56 |    53 |    52 |     2 ||   163
       Vampiric Draining |       |     9 |    30 |     2 ||    41
       Animate Dead      |       |     2 |     1 |       ||     3
       Regeneration      |       |       |     5 |     1 ||     6
  Use: Scroll            |     2 |     2 |     2 |       ||     6
       Potion            |       |     2 |     5 |     1 ||     8
 Stab: Sleeping          |     1 |     2 |    18 |       ||    21
       Distracted        |       |       |     1 |       ||     1
  Eat: Chunk             |     4 |    11 |    11 |       ||    26
       Meat ration       |       |     1 |       |       ||     1
       Bread ration      |       |       |     3 |       ||     3
       Royal jelly       |       |       |     2 |       ||     2
       Fruit             |       |       |     1 |       ||     1
       Beef jerky        |       |       |     1 |       ||     1
Armor: Robe              |    18 |    13 |    19 |     1 ||    51
       Skin              |       |       |       |    12 ||    12
Dodge: Dodged            |    48 |   129 |   293 |    21 ||   491
